 Dungeon Crawl Stone Soup version 0.27.1-2-g3b301248ec (webtiles) character file.

Game seed: 1742583996316917803

309 worthlessgem the Skirmisher (level 6, -11/48 HPs)
             Began as a Djinni Warper on Sept 24, 2021.
             Mangled by an orc warrior (12 damage)
             ... on level 4 of the Dungeon.
             The game lasted 00:35:27 (7593 turns).

worthlessgem the Skirmisher (Djinni Warper)         Turns: 7593, Time: 00:35:28

Health: -11/48     AC:  3    Str: 10    XL:     6   Next: 69%
Gold:   175        EV: 11    Int: 16    God:
                   SH:  0    Dex: 13

rFire    + + .     SeeInvis .   b - +0 hunting sling
rCold    x . .     Faith    .   (no shield)
rNeg     . . .     Spirit   .   w - +0 leather armour
rPois    ∞         Reflect  .   (no helmet)
rElec    .         Harm     .   (no cloak)
rCorr    .         Rampage  .   (no gloves)
Will     .....                  (boots unavailable)
Stlth    +.........             (no amulet)
HPRegen  0.16/turn              (no ring)
MPRegen  0.00/turn              (no ring)

@: flying
A: sickness immunity, fire resistance 2, cold vulnerability 1, float, innate
caster, hp casting, extra vitality 1
a: no special abilities


You were on level 4 of the Dungeon.
You visited 1 branch of the dungeon, and saw 4 of its levels.

You collected 203 gold pieces.
You spent 28 gold pieces at shops.

Inventory:

Hand Weapons
 a - a +0 falchion
 b - a +0 hunting sling (weapon)
Missiles
 d - 5 boomerangs of dispersal
 f - 59 sling bullets
 k - 81 stones (quivered ammo)
 p - 28 bolts
Armour
 w - a +0 leather armour (worn)
Jewellery
 g - a +4 ring of protection
 o - a +6 ring of strength
Wands
 q - a wand of flame (14)
Scrolls
 c - a scroll of blinking
 e - a scroll of magic mapping
 i - 2 scrolls of identify
 m - a scroll of silence
 n - 2 scrolls of teleportation {unknown}
 r - a scroll of vulnerability {unknown}
 s - a scroll of summoning {unknown}
Potions
 h - 2 potions of brilliance
 j - a potion of invisibility
 l - a potion of mutation


   Skills:
 + Level 4.7 Fighting
 * Level 2.2 Long Blades
 - Level 0.7 Throwing
 - Level 1.0 Armour
 - Level 2.1 Dodging
 - Level 4.0 Spellcasting


You couldn't memorise any spells.
You knew the following spells:

 Your Spells              Type           Power      Damage    Failure   Level
a - Blink                 Tloc           N/A        N/A       6%          2
b - Lesser Beckoning      Tloc           8%         N/A       13%         3
c - Gell's Gravitas       Tloc           8%         N/A       13%         3
d - Teleport Other        Tloc           16%        N/A       13%         3
e - Manifold Assault      Tloc           16%        N/A       75%         5
f - Shock                 Conj/Air       64%        1d7       4%          1
g - Searing Ray           Conj           32%        3d4       6%          2
Your spell library was empty.

Dungeon Overview and Level Annotations

Branches:
Dungeon (4/15)
 Temple: D:4-7

Altars:
Wu Jian

Shops:
D:4 [?

Annotations:
D:3 1 runed translucent door, GravelGoth's ghost, amateur OpBr


Innate Abilities, Weirdness & Mutations

You are immune to sickness and miasma.
You are immune to poison.
Your flesh is very heat resistant. (rF++)
You are vulnerable to cold. (rC-)
You float through the air rather than walking.
You learn spells naturally, not from books.
Your magical power is your life essence.
You have superior vitality. (+4 HP)


Message History

The orc warrior is lightly wounded. (Press . to maintain the ray.)
The searing ray hits the orc warrior but does no damage.
The orc warrior is lightly wounded.
The searing ray hits the orc warrior!
The orc warrior is heavily wounded.
The searing ray hits the black bear!
The black bear is moderately wounded.
The searing ray hits the orc warrior.
The orc warrior is heavily wounded.
The searing ray hits the black bear!
The black bear is severely wounded.
You finish channeling your searing ray.
The orc warrior hits you with a +0 hand axe!
Casting: Searing Ray (safe; 6% risk of failure)
Confirm with . or Enter, or press ? or * to list all spells.
You blink.
The black bear closely misses you. The black bear claws you. x2
The orc warrior hits you with a +0 hand axe!
* * * LOW HITPOINT WARNING * * *
Casting: Blink (safe; 6% risk of failure)
Confirm with . or Enter, or press ? or * to list all spells.
You blink.
* * * LOW HITPOINT WARNING * * *
There is a stone staircase leading down here.
An orc comes into view. It is wielding a +0 flail.
The orc shouts!
The orc hits you with a +0 flail!
* * * LOW HITPOINT WARNING * * *
Really attack while wielding your +0 hunting sling? [Y]es or [N]o only, please.
Really attack while wielding your +0 hunting sling?
You barely miss the orc. The orc barely misses you. The orc closely misses you.
Unknown command.
The orc closely misses you.
Okay, then.
Unknown command.
You clumsily bash the orc but do no damage.
The orc barely misses you.
The orc warrior hits you with a +0 hand axe!
You die...

#..# #.............#
#..# #.####...#####*
#..# #.........# #..#
######....# #..# ##.#.#
#..# #h#.# #..# #.#.#
#..# ****########o#o#
#..#**,,,......o@.#.#
....,,,**##########h###
******** #...# ###.#
#o# #)# #o# #.#
############ #h#


You could see an orc warrior, a black bear and an orc.

Vanquished Creatures
  A phantom (D:4)
  2 iguanas
  Ijyb (D:3)
  6 adders
  A howler monkey skeleton (D:4)
  2 worms (D:3)
  4 dart slugs (D:1)
  2 orcs (D:4)
  5 ball pythons
  9 bats
  6 endoplasms
  A giant cockroach (D:1)
  7 hobgoblins
  5 jackals
  2 quokkas
  4 frilled lizards
  10 goblins
  10 kobolds
  4 rats
82 creatures vanquished.

Notes
Turn   | Place    | Note
-------+----------+-------------------------------------------
     0 | D:1      | worthlessgem the Djinni Warper began the quest for the Orb.
     0 | D:1      | Reached XP level 1. HP: 18/18 MP: 0/0
    41 | D:1      | Found a faded altar of an unknown god.
   175 | D:1      | Reached XP level 2. HP: 22/24 MP: 0/0
   423 | D:1      | Reached XP level 3. HP: 27/29 MP: 0/0
   423 | D:1      | Learned a level 1 spell: Shock
  1712 | D:2      | Reached XP level 4. HP: 16/35 MP: 0/0
  3420 | D:3      | Reached XP level 5. HP: 33/40 MP: 0/0
  3420 | D:3      | Learned a level 2 spell: Searing Ray
  3584 | D:3      | Found an ornate altar of the Wu Jian Council.
  3911 | D:3      | Found a runed translucent door.
  3917 | D:3      | Noticed GravelGoth's ghost (amateur OpBr)
  4383 | D:3      | Noticed Ijyb
  4400 | D:3      | Killed Ijyb
  4892 | D:4      | Found Baozol's Magic Scroll Shoppe.
  5257 | D:4      | Bought a scroll of identify for 28 gold pieces
  5263 | D:4      | Noticed an orc warrior
  6001 | D:4      | Noticed a black bear
  6660 | D:4      | Noticed a phantom
  6678 | D:4      | Killed a phantom
  6679 | D:4      | Reached XP level 6. HP: 17/48 MP: 0/0
  7221 | D:4      | Found Voyg's Antique Armour Emporium.
  7590 | D:4      | HP: 1/48 [orc (8)]
  7593 | D:4      | Mangled by an orc warrior

Illustrated notes

Levels and vault maps discovered:
D:1:      minmay_arrival_doors, layout_basic,
          hellmonk_ecumenical_altar_crossroads, minmay_misc_feat_hallway,
          st_stairs_7
D:2:      layout_basic, minivault_27, small_statue_intersection
D:3:      layout_loops_corners, nicolae_overflow_hidden_temple,
          ebering_ghost_inner_flame, grunt_decor_mini_mirrors, uniq_ijyb
D:4:      layout_loops_ring, serial_shops,
          nicolae_shop_competitors_out_of_business, shop

Skill      XL: |  1  2  3  4  5  6 |
---------------+-------------------+-----
Spellcasting   | 3 4 |  4.0
Fighting       | 3 4 |  4.7
Long Blades    | 2 |  2.2
Throwing       | |  0.7
Armour         | |  1.0
Dodging        | |  2.1

Action                   |  1- 3 |  4- 6 || total
-------------------------+-------+-------++-------
Melee: Falchion          |    46 |    41 ||    87
       Hunting sling     |       |     2 ||     2
 Fire: Hunting sling     |       |    70 ||    70
 Cast: Shock             |    33 |    72 ||   105
       Blink             |       |    18 ||    18
       Teleport Other    |       |    16 ||    16
       Searing Ray       |       |    10 ||    10
  Use: Scroll            |       |     5 ||     5
Armor: Leather armour    |    17 |    23 ||    40
Dodge: Dodged            |    42 |    60 ||   102
       Rpst.: Falchion   |    13 |     7 ||    20
